 Dungeon Crawl Stone Soup version 0.32-a0-630-g46d191b0ed (webtiles) character file.

Game seed: 4988251484144443803

6227 LocusOfCreation the Thaumaturge (level 10, -3/99 HPs)
             Began as a Naga Alchemist on Mar 6, 2024.
             Was an Initiate of Cheibriados.
             Killed from afar by an efreet (34 damage)
             ... with a fireball
             ... on level 9 of the Dungeon on Mar 7, 2024.
             The game lasted 00:16:44 (8215 turns).

LocusOfCreation the Thaumaturge (Naga Alchemist)    Turns: 8215, Time: 00:16:44

Health: -3/99      AC:  7    Str: 20    XL:     10   Next: 92%
Magic:  20/32      EV: 14    Int: 27    God:    Cheibriados [......]
Gold:   359        SH:  0    Dex:  8    Spells: 21/28 levels left

rFire   . . .        j - +3 whip of the Blue Skies {heavy, rPois rC+ Int+6 Dex-4}
rCold   + + .        (no shield)
rNeg    . . .        a - +0 robe
rPois   +            h - +0 helmet
rElec   .            s - +0 cloak
rCorr   .            y - +0 pair of gloves
SInv    +            (no barding)
Will    +....        l - amulet of magic regeneration
Stlth   +++          H - ring "Xergh" {rC+ EV+5 Str+8 Stlth+}
HPRegen 0.36/turn    B - ring of magical power
MPRegen 0.63/turn

%: no passive effects
@: very slow
A: AC +3, large, see invisible, deformed body, poison resistance, slowness 2,
spit poison 1, naga tail 1
a: Spit Poison, Renounce Religion


You were on level 9 of the Dungeon.
You worshipped Cheibriados.
Cheibriados was noncommittal.
You visited 2 branches of the dungeon, and saw 10 of its levels.

You collected 359 gold pieces.

Inventory:

Hand Weapons
 g - a +2 dagger of speed
 j - the +3 whip of the Blue Skies (weapon) {heavy, rPois rC+ Int+6 Dex-4}
   (You found it on level 2 of the Dungeon)

   Int+6:     It affects your intelligence (+6).
   Dex-4:     It affects your dexterity (-4).
   rC+:       It protects you from cold.
   rPois:     It protects you from poison.
Missiles
 u - 7 curare-tipped darts
 G - 2 throwing nets
Armour
 a - a +0 robe (worn)
 h - a +0 helmet (worn)
 p - a scarf of shadows
 s - a +0 cloak (worn)
 y - a +0 pair of gloves (worn)
Jewellery
 l - an amulet of magic regeneration (around neck)
 n - a ring of willpower
 r - a +6 ring of strength
 B - a ring of magical power (right hand)
 D - an amulet of the acrobat
 E - an amulet of guardian spirit
 H - the ring "Xergh" (left hand) {rC+ EV+5 Str+8 Stlth+}
   (You took it off a gnoll on level 8 of the Dungeon)

   [ring of evasion]

   EV+5:      It affects your evasion (+5).
   Str+8:     It affects your strength (+8).
   rC+:       It protects you from cold.
   Stlth+:    It makes you more stealthy.
Talismans
 m - a granite talisman
Wands
 x - a wand of flame (4)
Scrolls
 c - a scroll of fear
 f - a scroll of fog {@r2}
 i - a scroll of vulnerability {!r}
 k - a scroll of amnesia
 o - 2 scrolls of enchant armour
 z - a scroll of teleportation {@r3}
 C - a scroll of identify {@r1}
 F - a scroll of immolation
Potions
 b - 4 potions of magic
 d - a potion of resistance
 e - a potion of brilliance
 t - a potion of might {unknown}
 v - 4 potions of curing {@q2}
 w - a potion of ambrosia {unknown}
 A - a potion of attraction {unknown}


   Skills:
 + Level 9.4 Fighting
 - Level 1.5 Dodging
 - Level 5.0 Stealth
 + Level 9.7 Spellcasting
 - Level 1.0 Conjurations
 - Level 4.0 Translocations
 - Level 8.0 Alchemy
 + Level 2.7 Invocations


You had 21 spell levels left.
You knew the following spells:

 Your Spells              Type           Power      Damage    Failure   Level
b - Blink                 Tloc           68%        N/A       1%          2
o - Olgreb's Toxic Radia  Alch           54%        N/A       1%          4
s - Sting                 Conj/Alch      100%       1d9       1%          1

Your spell library contained the following spells:

 Spells                   Type           Power      Damage    Failure   Level
 Apportation              Tloc           68%        N/A       1%          1
 Lesser Beckoning         Tloc           68%        N/A       1%          2
 Mercury Vapours          Alch/Air       68%        N/A       1%          2
 Momentum Strike          Conj/Tloc      52%        3d9       2%          2
 Mephitic Cloud           Conj/Alch/Air  29%        N/A       3%          3
 Alistair's Intoxication  Alch           36%        N/A       4%          5
 Jinxbite                 Hex            26%        N/A       7%          2
 Sticky Flame             Fire/Alch      34%        2d7       9%          4


Dungeon Overview and Level Annotations

Branches:
Dungeon (9/15)             Temple (1/1) D:5
   Lair: D:8-11         Orc: D:9-12

Altars:
Ashenzari
Cheibriados
Dithmenos
Gozag
Hepliaklqana
Kikubaaqudgha
Makhleb
Nemelex Xobeh
Okawaru
Qazlal
Sif Muna
Uskayaw
Vehumet
Wu Jian
Xom
Yredelemnul
The Shining One

Shops:
D:9 :

Annotations:
D:4 3 runed translucent doors, Mll's ghost, amateur MiFi; Nilihum's ghost, amateur MDEE; casual's ghost, amateur CoRe
D:6 mobs


Innate Abilities, Weirdness & Mutations

Your serpentine skin is tough. (AC +3)
You have supernaturally acute eyesight. (SInv)
Armour fits poorly on your strangely shaped body.
Your system is resistant to poisons. (rPois)
You cover ground very slowly.
You can spit poison.
You have a snake-like lower body.


Message History

The efreet closely misses you.
You whack the efreet!
The efreet is heavily wounded.
The efreet hits you with a +0 scimitar of flaming.
The efreet burns you.
The efreet hits you with a +0 scimitar of flaming.
The efreet burns you.
You barely miss the efreet.
The efreet is heavily wounded.
The efreet barely misses you. The efreet gestures at you.
The bolt of fire misses you.
You whack the efreet!
The efreet is almost dead.
The efreet gestures at you. The bolt of fire hits you!
You hit the efreet but do no damage.
The efreet is almost dead.
The efreet misses you. The efreet gestures at you. The bolt of fire misses you.
You hit the efreet but do no damage.
The efreet is almost dead.
The efreet gestures at you.
The fireball explodes!
The fireball engulfs you!!
* * * LOW HITPOINT WARNING * * *
The fireball engulfs the efreet.
The efreet completely resists.
The efreet closely misses you.
You hear a shout!
Unknown command.
You feel much better. The efreet gestures at you. The bolt of fire hits you!!
* * * LOW HITPOINT WARNING * * *
Unknown command.
You feel much better. The efreet gestures at you.
The fireball explodes!
The fireball engulfs you!!
You die...
Cheibriados appreciates the motionlessness of death.

........................
.........####...........
.........####............
...........##...∩........
...........##............
............###...##.....
............##...........
#######.....##...........
########..@........
#..R........ ####))..###.
#........ #........
#)....... #....#...
#)...#... ○○.... ..


You could see an efreet.

Vanquished Creatures
  A two-headed ogre (D:9)
  Jeremiah (D:6)
  Grinder (D:6)
  Prince Ribbit (D:5)
  A wyvern (D:9)
  9 yaks
  A water moccasin (D:6)
  3 orc warriors
  2 ice beasts (D:5)
  A sky beast (D:6)
  3 ogres
  3 centaurs
  A kobold brigand (D:9)
  2 gnoll sergeants (D:8)
  9 scorpions
  2 bullfrogs
  A wight (D:7)
  5 killer bees
  3 bombardier beetles
  A jelly (D:8)
  A gnoll bouda (D:8)
  6 orc priests
  Crazy Yiuf (D:5)
  Terence (D:2)
  3 sleepcaps
  4 iguanas
  10 orc wizards
  Robin (D:2)
  30 gnolls
  5 adders
  A shadow imp (D:6)
  2 dart slugs (D:2)
  A ribbon worm (D:8)
  35 orcs
  7 ball pythons
  5 endoplasms
  15 goblins
  9 hobgoblins
  3 jackals (D:3)
  3 quokkas
  2 bats
  3 frilled lizards
  11 kobolds
  6 rats (D:1)
216 creatures vanquished.

Notes
Turn   | Place    | Note
-------+----------+-------------------------------------------
     0 | D:1      | LocusOfCreation the Naga Alchemist began the quest for the
                  | Orb.
     0 | D:1      | Reached XP level 1. HP: 15/15 MP: 3/3
    68 | D:1      | Reached XP level 2. HP: 22/22 MP: 1/5
   340 | D:1      | Reached XP level 3. HP: 26/28 MP: 1/6
  1054 | D:2      | Noticed Terence
  1065 | D:2      | Killed Terence
  1066 | D:2      | Reached XP level 4. HP: 10/36 MP: 0/8
  1067 | D:2      | Identified the +3 whip of the Blue Skies {heavy, rPois rC+
                  | Int+6 Dex-4}
  1203 | D:2      | Found a sparkling altar of Nemelex Xobeh.
  1357 | D:2      | Noticed Robin
  1365 | D:2      | Reached skill level 5 in Stealth
  1370 | D:2      | Killed Robin
  1538 | D:2      | Found a faded altar of an unknown god.
  1857 | D:2      | Learned a level 4 spell: Olgreb's Toxic Radiance
  1896 | D:3      | Reached XP level 5. HP: 42/42 MP: 7/9
  1976 | D:3      | Reached skill level 5 in Alchemy
  2553 | D:4      | Reached XP level 6. HP: 49/49 MP: 8/11
  2808 | D:4      | Found a runed translucent gate.
  2808 | D:4      | Found a runed translucent gate.
  2808 | D:4      | Found a runed translucent gate.
  2819 | D:4      | Noticed casual's ghost (amateur CoRe)
  2819 | D:4      | Noticed Mll's ghost (amateur MiFi)
  2819 | D:4      | Noticed Nilihum's ghost (amateur MDEE)
  2976 | D:4      | Reached XP level 7. HP: 55/55 MP: 11/13
  3052 | D:4      | Found a shimmering blue altar of Sif Muna.
  3534 | D:5      | Entered Level 5 of the Dungeon
  3534 | D:5      | Noticed Prince Ribbit
  3539 | D:5      | Killed Prince Ribbit
  3567 | D:5      | Found a staircase to the Ecumenical Temple.
  3573 | Temple   | Entered the Ecumenical Temple
  3577 | Temple   | Learned a level 2 spell: Blink
  3644 | D:5      | Reached skill level 1 in Translocations
  3645 | D:5      | Reached XP level 8. HP: 68/68 MP: 8/15
  3667 | D:5      | Found a shimmering altar of Xom.
  3810 | D:5      | Found a runed translucent door.
  3811 | D:5      | Noticed Crazy Yiuf
  4025 | D:5      | Reached skill level 5 in Spellcasting
  4431 | D:5      | Found an opulent altar of Gozag.
  4512 | D:5      | Killed Crazy Yiuf
  4645 | D:6      | Reached XP level 9. HP: 16/80 MP: 7/18
  4851 | D:6      | Reached skill level 5 in Fighting
  4917 | D:6      | Noticed Grinder
  5121 | D:6      | Killed Grinder
  5148 | D:6      | Found a radiant altar of Vehumet.
  5292 | D:6      | Noticed Jeremiah
  5300 | D:6      | Killed Jeremiah
  5849 | D:7      | Reached XP level 10. HP: 45/94 MP: 15/22
  6471 | D:7      | Found an ancient bone altar of Kikubaaqudgha.
  7584 | D:8      | Identified the ring "Xergh" {rC+ EV+5 Str+8 Stlth+}
  7878 | D:8      | Found a snail-covered altar of Cheibriados.
  8040 | D:8      | Became a worshipper of Cheibriados the Contemplative
  8177 | D:9      | Found Bid Umefu's Book Shoppe.
  8188 | D:9      | Noticed a two-headed ogre
  8198 | D:9      | Reached skill level 1 in Invocations
  8199 | D:9      | Killed a two-headed ogre
  8215 | D:9      | Killed from afar by an efreet

Illustrated notes

Levels and vault maps discovered:
D:1:      giann_forest_graveyard, layout_rooms, serial_bayou_ford_a
D:2:      layout_basic, shapermc_ecumenical_altar_flowoftime, basic_altar,
          uniq_terence, uniq_robin
D:3:      layout_rooms
D:4:      layout_loops_corners, lemuel_blue_sif_altar, gammafunk_ghost_cemetery,
          minmay_strange_pillars, ebering_dispersal_statue_hall
D:5:      layout_basic, nicolae_overflow_crystal_walls, temple_doors_e,
          enter_ossuary_2, minmay_ruined_shrine, uniq_crazy_yiuf_cottage,
          uniq_prince_ribbit1
D:6:      layout_rooms, lemuel_doored_altar, serial_shops,
          kennysheep_little_box, chequers_garden, kennysheep_generic_room_12,
          uniq_grinder, uniq_jeremiah
D:7:      layout_loops_ring, mainiacjoe_overflow_chevrons
D:8:      layout_gridville, cheibrodos_worm_habitat, skrybe_limestone_x
D:9:      minmay_bloctagon, layout_basic, lemuel_round_altar, fedhas_altar_1,
          serial_shops, shop
Temple:   hellmonk_temple_of_storms

Skill      XL: |  1  2  3  4  5  6  7  8  9 10 |
---------------+-------------------------------+-----
Alchemy        | 4 5 7 8 |  8.0
Stealth        | 4 5 |  5.0
Spellcasting   | 3 4 6 8 9 |  9.7
Fighting       | 2 4 7 9 |  9.4
Translocations | 1 4 |  4.0
Invocations    | 2 |  2.7
Dodging        | |  1.5
Conjurations   | |  1.0

Action                     |  1- 3 |  4- 6 |  7- 9 | 10-12 || total
---------------------------+-------+-------+-------+-------++-------
  Melee: Unarmed           |     3 |       |       |       ||     3
         Dagger            |     1 |       |       |       ||     1
         Whip              |       |     6 |    10 |    18 ||    34
   Cast: Sting             |    45 |    70 |    78 |    37 ||   230
         Olgreb's Toxic Ra |       |       |    51 |    46 ||    97
         Blink             |       |       |     1 |     1 ||     2
Ability: Spit Poison       |    22 |    26 |    27 |     9 ||    84
  Evoke: Wand              |       |       |    17 |       ||    17
    Use: Scroll            |       |     2 |    12 |     3 ||    17
         Potion            |       |       |       |     2 ||     2
 Armour: Robe              |    15 |    38 |    78 |    48 ||   179
  Dodge: Dodged            |    10 |    26 |    37 |    38 ||   111

Table legend: (Time is in decaauts)
 A = Elapsed time spent in this place.
 B = Non-inter-level travel time spent in this place.
 C = Inter-level travel time spent in this place.
 D = Time resting spent in this place.
 E = Time spent auto-exploring this place.
 F = Levels seen in this place.
 G = Mean time per level.
                   A        B        C        D        E       F      G
               +--------+--------+--------+--------+--------+-----+--------+
         Total |  10035 |   8784 |   1251 |   1396 |   6145 |  10 | 1003.5 |
       Dungeon |  10030 |   8780 |   1250 |   1396 |   6145 |   9 | 1114.4 |
        Temple |      4 |      4 |      0 |      0 |      0 |   1 |    4.0 |
               +--------+--------+--------+--------+--------+-----+--------+

Top non-repeatable levels by time:
     D:7: 2350 daAuts
     D:4: 1592 daAuts
     D:1: 1161 daAuts
     D:2: 1124 daAuts
     D:5: 1084 daAuts
     D:6: 911 daAuts
     D:8: 851 daAuts
     D:3: 776 daAuts
     D:9: 177 daAuts
  Temple: 4 daAuts
